 Dungeon Crawl Stone Soup version 0.29-a0-1006-g0dd7720b37 (webtiles) character file.

Game seed: 17075682011416890003

2697 ytrimaz the Protected (level 9, 0/73 (76) HPs)
             Began as a Formicid Fighter on Aug 3, 2022.
             Was a Follower of Okawaru.
             Succumbed to an ogre's poison
             ... on level 7 of the Dungeon on Aug 6, 2022.
             The game lasted 00:10:26 (7819 turns).

ytrimaz the Protected (Formicid Fighter)            Turns: 7819, Time: 00:10:27

HP:   0/73 (76)     AC: 13    Str: 31    XL:     9   Next: 97%
MP:   9/9           EV: 10    Int:  8    God:    Okawaru [*.....]
Gold: 216           SH:  0    Dex: 13    Spells: 8/8 levels left

rFire   . . .      SeeInvis +   s - +0 giant spiked club (vorpal)
rCold   . . .      Faith    .   (shield currently unavailable)
rNeg    . . .      Spirit   .   b - +0 scale mail
rPois   .          Reflect  .   (helmet unavailable)
rElec   .          Harm     .   C - +0 cloak
rCorr   +          Rampage  .   n - +1 pair of gloves
Will    .....                   (no boots)
Stlth   ..........              i - amulet of the acrobat
HPRegen 0.22/turn               l - ring of resist corrosion
MPRegen 0.11/turn               g - +6 ring of strength

@: mighty, lethally poisoned (0 -> -8), lightly drained
A: permanent stasis, dig shafts and tunnels, antennae 3, four strong arms
a: Dig, Shaft Self, Renounce Religion, Heroism


You were on level 7 of the Dungeon.
You worshipped Okawaru.
Okawaru was aware of your devotion.
You visited 2 branches of the dungeon, and saw 9 of its levels.

You collected 268 gold pieces.
You spent 52 gold pieces at shops.

Inventory:

Hand Weapons
 a - a +0 flail
 r - a +2 dagger of venom
 s - a +0 vorpal giant spiked club (weapon)
Armour
 b - a +0 scale mail (worn)
 c - a +0 buckler
 n - a +1 pair of gloves (worn)
 C - a +0 cloak (worn)
Jewellery
 g - a +6 ring of strength (right hand)
 i - an amulet of the acrobat (around neck)
 l - a ring of resist corrosion (left hand)
 m - an amulet of reflection
 u - a ring of magical power
Wands
 q - a wand of polymorph (11)
 v - a wand of flame (14)
 A - a wand of roots (8)
Scrolls
 h - 2 scrolls of poison
 t - a scroll of fear
 x - a scroll of fog
 y - a scroll of enchant weapon {unknown}
 z - 3 scrolls of identify
Potions
 d - 4 potions of brilliance
 f - 2 potions of attraction
 j - 2 potions of cancellation
 k - a potion of mutation {unknown}
 o - 5 potions of curing {unknown}
 w - a potion of ambrosia {unknown}
 B - a potion of magic {unknown}


   Skills:
 + Level 9.3 Fighting
 - Level 2.0 Maces & Flails
 + Level 11.5 Armour
 - Level 4.0 Shields


You had 8 spell levels left.
You didn't know any spells.
Your spell library contained the following spells:

 Spells                   Type           Power      Damage    Failure   Level
 Poisonous Vapours        Pois/Air       0%         N/A       75%         2
 Gell's Gravitas          Tloc           0%         N/A       92%         3
 Teleport Other           Tloc           0%         N/A       92%         3
 Corpse Rot               Necr/Pois/Air  0%         N/A       100%        4
 Dispersal                Tloc           0%         N/A       100%        6


Dungeon Overview and Level Annotations

Branches:
Dungeon (8/15)             Temple (1/1) D:6
   Lair: D:8-11

Altars:
Ashenzari
Cheibriados
Dithmenos
Elyvilon
Gozag
Hepliaklqana
Kikubaaqudgha
Makhleb
Okawaru
Qazlal
Ru
Sif Muna
Trog
Uskayaw
Wu Jian
Xom
Yredelemnul
The Shining One

Shops:
D:1 ?   D:2 ?   D:4 (

Annotations:
D:3 1 runed translucent door, Crazy Yiuf
D:7 1 transporter, jujuben's ghost, novice GnHu


Innate Abilities, Weirdness & Mutations

You cannot be hasted, slowed, berserked, paralysed or teleported.
You can dig through walls and to a lower floor.
You have a pair of large antennae on your head. (SInv)
Your four strong arms can wield two-handed weapons with a shield.


Message History

Okawaru accepts your kill.
You feel very sick. The ogre closely misses you.
Unknown command.
You barely miss the ogre.
You feel very sick. The ogre barely misses you.
The ogre hits you with the +5 great mace "Ujetazoila" {chaos, Dex+3}!!
* * * LOW HITPOINT WARNING * * *
You are lethally poisoned!
The ogre hits you with a +0 giant club!
* * * LOW HITPOINT WARNING * * *
You feel much better.
You feel extremely sick.
Jujuben's ghost struggles to reload its weapon.
The ogre hits you with the +5 great mace "Ujetazoila" {chaos, Dex+3}!
* * * LOW HITPOINT WARNING * * *
You feel drained.
* * * LOW HITPOINT WARNING * * *
You feel much better.
You feel very sick. The ogre closely misses you.
Unknown command.
You thump the ogre!
The ogre is severely wounded.
You feel extremely sick. The ogre closely misses you.
The ogre hits you with a +0 giant club.
* * * LOW HITPOINT WARNING * * *
Unknown command.
Unknown command.
You barely miss the ogre.
The ogre is severely wounded.
You feel very sick.
The ogre hits you with the +5 great mace "Ujetazoila" {chaos, Dex+3}!
* * * LOW HITPOINT WARNING * * *
You easily resist.
The ogre hits you with a +0 giant club.
* * * LOW HITPOINT WARNING * * *
You puncture the ogre!
The ogre is almost dead.
You die...

..# ##..###...## #......... .##
#...#..### #...#.#.#. ..#
##.....## #......... ..##
##......# ##.##.#.#.#
...###....#.## ##.####.....
...##.)..#..## ########..# #.#.#.
.............###.....©#..# ##....
..........##...#.O##..#..# #.#.#
........######.#@#..#W#..# ##...
.......## ###O#.O#.#..# #.#.
.....### #W.##.)#©.## #...
......## #©....|#...# #.#.
...#...# #..##.?#©..# #...
..###..### #.#..#.#...####..#
..###....#######.#..#.#....[....#
...###...#.....#..##..#..######.#
...###.........#$.....#..# ###


You could see 2 ogres and jujuben's ghost.

Vanquished Creatures
  A wyvern (D:8)
  Menkaure (D:6)
  A water moccasin (D:6)
  3 ice beasts
  A black bear (D:6)
  A sky beast (D:7)
  2 ogres
  3 phantoms
  3 bullfrogs
  4 necrophages
  2 scorpions (D:5)
  4 wights (D:6)
  4 hounds
  2 orc priests
  3 jellies
  5 iguanas
  3 orc wizards
  7 gnolls
  7 adders
  3 shadow imps
  3 worms
  6 dart slugs
  20 orcs
  4 ball pythons
  7 endoplasms
  4 giant cockroaches
  9 hobgoblins
  2 jackals (D:1)
  A quokka (D:2)
  6 bats
  3 frilled lizards
  7 goblins
  2 kobolds
  9 rats
143 creatures vanquished.

Vanquished Creatures (others)
  A fungus (D:3)
  20 plants (D:7)
21 creatures vanquished.

Grand Total: 164 creatures vanquished

Notes
Turn   | Place    | Note
-------+----------+-------------------------------------------
     0 | D:1      | ytrimaz the Formicid Fighter began the quest for the Orb.
     0 | D:1      | Reached XP level 1. HP: 18/18 MP: 1/1
   207 | D:1      | Reached XP level 2. HP: 23/24 MP: 2/2
   693 | D:1      | Found a faded altar of an unknown god.
   698 | D:1      | Reached XP level 3. HP: 30/30 MP: 3/3
   720 | D:1      | Reached skill level 4 in Armour
  1042 | D:1      | Found Zywau's Magic Scroll Shop.
  1051 | D:1      | Bought a scroll of identify for 26 gold pieces
  1051 | D:1      | Bought a scroll of identify for 26 gold pieces
  1550 | D:2      | Reached XP level 4. HP: 37/37 MP: 4/4
  1632 | D:2      | Found Voow's Magic Scroll Shoppe.
  1930 | D:3      | Found a glowing golden altar of the Shining One.
  1962 | D:3      | Reached skill level 5 in Armour
  1962 | D:3      | Reached XP level 5. HP: 41/43 MP: 5/5
  2167 | D:3      | Found a sacrificial altar of Ru.
  2435 | D:3      | Found a runed translucent door.
  2436 | D:3      | Noticed Crazy Yiuf
  2641 | D:4      | Reached skill level 5 in Fighting
  2763 | D:4      | Reached XP level 6. HP: 24/51 MP: 6/6
  2968 | D:4      | Reached skill level 6 in Armour
  3076 | D:4      | Noticed an ogre
  3088 | D:4      | Killed an ogre
  3089 | D:4      | Reached XP level 7. HP: 40/57 MP: 7/7
  3426 | D:4      | Upgraded the game from 0.29-a0-994-gc5c9f59d18 to
                  | 0.29-a0-1006-g0dd7720b37
  3437 | D:4      | Found a bloodstained altar of Trog.
  3482 | D:4      | Reached skill level 7 in Armour
  3749 | D:4      | Found Fexagg's Weapon Boutique.
  3803 | D:5      | Entered Level 5 of the Dungeon
  3884 | D:5      | Found an opulent altar of Gozag.
  4017 | D:5      | Reached XP level 8. HP: 15/65 MP: 8/8
  4315 | D:5      | Reached skill level 8 in Armour
  5308 | D:6      | Reached skill level 9 in Armour
  5328 | D:6      | Identified the +3 trident of Bodily Harmony {antimagic,
                  | Str+6 Dex-5}
  5354 | D:6      | Noticed Menkaure
  5606 | D:6      | Killed Menkaure
  5607 | D:6      | Reached XP level 9. HP: 60/74 MP: 9/9
  5772 | D:6      | Reached skill level 10 in Armour
  5884 | D:6      | Found a staircase to the Ecumenical Temple.
  5894 | Temple   | Entered the Ecumenical Temple
  6006 | Temple   | Became a worshipper of Warmaster Okawaru
  6518 | D:7      | Found a transporter.
  6519 | D:7      | Noticed jujuben's ghost (novice GnHu)
  6519 | D:7      | Identified the +5 great mace "Ujetazoila" {chaos, Dex+3}
  6522 | D:7      | Found a transporter.
  6695 | D:7      | Reached skill level 11 in Armour
  6697 | D:7      | Reached * piety under Okawaru
  6876 | D:7      | You fall into a shaft and drop 1 floor!
  7818 | D:7      | HP: 3/73 [ogre/+0 giant club (3)]
  7819 | D:7      | Succumbed to an ogre's poison

Illustrated notes

Levels and vault maps discovered:
D:1:      dpeg_arrival_simpleton_c, layout_loops_corners, serial_shops, shop,
          ebering_ecumenical_altar_hall
D:2:      layout_rooms, serial_shops, shop_fountains
D:3:      layout_rooms, mainiacjoe_overflow_24_doors, general_overflow_altar,
          hangedman_decor_growths, uniq_crazy_yiuf_cottage
D:4:      layout_rooms, kennysheep_mini_moat, serial_shops, kennysheep_mini
D:5:      layout_basic, lemuel_tele_altar, minmay_misc_feat_doors,
          kennysheep_decorative_pillar
D:6:      layout_rooms, minmay_temple_entry_fiery, uniq_menkaure
D:7:      layout_layer_cave, gammafunk_ghost_smash, hex_large,
          serial_bayou_lagoon_a
D:8:      layout_cave_pods, vehumet_crystals, erik_lair_island, serial_shops,
          nicolae_shop_behind_doors, kennysheep_generic_room_5, uniq_psyche
Temple:   nicolae_temple_ecumenical_triangle

Skill      XL: |  1  2  3  4  5  6  7  8  9 |
---------------+----------------------------+-----
Armour         | 4 5 6 7 9 11 | 11.5
Fighting       | 4 5 6 7 9 |  9.3
Maces & Flails | |  2.0
Shields        | |  4.0

Action                   |  1- 3 |  4- 6 |  7- 9 || total
-------------------------+-------+-------+-------++-------
Melee: Flail             |   116 |   126 |    39 ||   281
       Dagger            |       |    34 |    31 ||    65
       Giant spiked club |       |       |   233 ||   233
       Punch             |       |       |     1 ||     1
 Abil: Dig               |       |       |     5 ||     5
  Use: Scroll            |     3 |     2 |     8 ||    13
       Potion            |       |     2 |     5 ||     7
Armor: Scale mail        |    69 |    63 |   187 ||   319
       Skin              |       |       |    45 ||    45
Dodge: Dodged            |    61 |    77 |   208 ||   346
Block: Buckler           |    43 |   106 |    16 ||   165
       Reflection        |       |     1 |       ||     1
       Other             |       |       |    90 ||    90

Table legend: (Time is in decaauts)
 A = Elapsed time spent in this place.
 B = Non-inter-level travel time spent in this place.
 C = Inter-level travel time spent in this place.
 D = Time resting spent in this place.
 E = Time spent auto-exploring this place.
 F = Levels seen in this place.
 G = Mean time per level.
                   A        B        C        D        E       F      G
               +--------+--------+--------+--------+--------+-----+--------+
         Total |   8073 |   7841 |    232 |    642 |   5568 |   9 |  897.0 |
       Dungeon |   7952 |   7736 |    216 |    642 |   5471 |   8 |  994.0 |
        Temple |    121 |    105 |     16 |      0 |     97 |   1 |  121.0 |
               +--------+--------+--------+--------+--------+-----+--------+

Top non-repeatable levels by time:
     D:7: 1602 daAuts
     D:5: 1470 daAuts
     D:4: 1243 daAuts
     D:1: 1235 daAuts
     D:6: 938 daAuts
     D:3: 755 daAuts
     D:2: 681 daAuts
  Temple: 121 daAuts
     D:8: 25 daAuts
